Map: Cosmic Sapphire

Players

TessTickles - Winner!

  • Race: Protoss Protoss
  • League: Silver
  • Spawn Location: 11:00

Xana

  • Race: Zerg Zerg
  • League: Bronze
  • Spawn Location: 5:00

VOD

Have the link to the VOD?

Description

Time

  • Played on: Aug. 18, 2022, 2:37 p.m.
  • Length: 10:24
Show
View Real Time Build Order
Export as new Build Order

TessTickles Protoss - Winner!

Build Orders: 1 Gate Expand, Archon Immortal 

Get SALT Encoding   

  12  0:00  Probe  
  13  0:12  Probe  
  14  0:20  Pylon  
  14  0:24  Probe  
  15  0:38  Probe (Chrono Boost)  
  15  0:41  Gateway  
  16  0:49  Probe (Chrono Boost)  
  17  0:50  Assimilator  
  17  0:54  Probe (Chrono Boost)  
  18  1:04  Probe  
  19  1:16  Probe  
  20  1:26  Nexus  
  20  1:36  Cybernetics Core  
  20  1:39  Probe  
  21  1:44  Assimilator  
  21  1:51  Probe  
  22  1:56  Pylon  
  21  2:03  Probe  
  22  2:14  Adept  
  25  2:15  Probe  
  25  2:20  Twilight Council  
  25  2:22  Warp Gate  
  25  2:27  Probe (Chrono Boost)  
  26  2:39  Probe (Chrono Boost)  
  26  2:42  Probe (Chrono Boost)  
  28  2:48  Probe (Chrono Boost)  
  28  2:50  Probe (Chrono Boost)  
  30  2:55  Probe (Chrono Boost)  
  30  2:56  Resonating Glaives, Probe (Chrono Boost)  
  32  3:00  Adept  
  34  3:05  Robotics Facility  
  34  3:06  Probe  
  34  3:08  Probe  
  36  3:18  Probe  
  37  3:20  Probe  
  37  3:24  Gateway  
  38  3:31  Pylon  
  38  3:33  Probe  
  39  3:34  Probe  
  39  3:38  Adept  
  39  3:39  Gateway  
  42  3:47  Probe x2  
  44  3:49  Warp Prism (Chrono Boost)  
  46  3:59  Probe x2  
  48  4:05  Gateway  
  48  4:11  Probe  
  49  4:17  Adept  
  51  4:24  Probe  
  52  4:39  Assimilator  
  52  4:41  Assimilator  
  52  4:44  Pylon  
  52  4:47  Adept  
  54  4:55  Pylon  
  54  5:02  Probe, Immortal, Forge  
  59  5:07  Adept  
  61  5:15  Adept  
  61  5:16  Adept x2  
  67  5:39  Adept  
  69  5:49  Adept x3  
  67  5:57  Nexus  
  67  6:00  Pylon x2  
  67  6:04  Pylon  
  67  6:07  Pylon  
  65  6:14  Adept x4  
  67  6:28  Probe  
  67  6:29  Protoss Ground Weapons Level 1 (Chrono Boost), Probe  
  67  6:31  Immortal  
  73  6:37  Templar Archives  
  71  6:40  Gateway  
  71  6:41  Gateway, Probe x2  
  71  6:43  Gateway  
  71  6:44  Gateway  
  71  6:46  Gateway  
  73  6:51  Adept  
  73  6:54  Shield Battery  
  67  7:22  Charge  
  67  7:23  Immortal  
  67  7:29  Gateway  
  65  7:31  High Templar x4  
  65  7:32  Gateway  
  65  7:35  Archon x2  
  73  7:37  High Templar x2  
  73  7:42  Probe  
  73  7:43  Probe  
  79  7:45  Archon  
  79  7:46  High Templar  
  79  7:47  High Templar  
  79  7:49  Zealot  
  85  7:51  Archon  
  85  7:55  Probe x2  
  87  8:00  Assimilator  
  87  8:04  Assimilator  
  87  8:09  Photon Cannon  
  87  8:11  Photon Cannon, High Templar x2  
  91  8:13  Zealot x5  
  91  8:15  Archon  
  101  8:20  Shield Battery  
  101  8:23  Immortal  
  105  8:46  High Templar x2  
  105  8:48  Zealot x4  
  113  8:51  Archon  
  117  9:06  Pylon  
  117  9:09  Pylon  
  117  9:12  Pylon  
  117  9:14  Nexus  
  117  9:19  Pylon  
  117  9:25  Zealot x4  
  115  9:48  Zealot x2  
  115  9:49  Zealot x6  
  115  9:50  Zealot x3  
Show
View Real Time Build Order
Export as new Build Order

Xana Zerg 

Build Orders: Hatch First 

Get SALT Encoding   

  12  0:00  Drone  
  13  0:13  Overlord  
  13  0:20  Drone  
  14  0:31  Drone x2  
  16  0:51  Hatchery  
  16  0:52  Drone  
  16  0:59  Drone  
  16  1:02  Drone  
  18  1:12  Extractor  
  18  1:17  Spawning Pool  
  16  1:25  Drone x2  
  18  1:28  Drone  
  19  1:40  Drone  
  20  1:50  Drone  
  21  2:01  Drone  
  21  2:04  Queen  
  21  2:05  Queen  
  21  2:06  Overlord  
  26  2:14  Zergling x2  
  27  2:17  Zergling x2  
  28  2:29  Hatchery  
  27  2:34  Drone x2  
  29  2:38  Drone  
  29  2:42  Metabolic Boost  
  30  2:48  Overlord  
  30  2:58  Drone x3  
  32  3:00  Drone  
  34  3:17  Overlord  
  34  3:21  Drone x7  
  41  3:31  Overlord  
  41  3:38  Drone x3  
  44  3:43  Queen  
  44  3:44  Queen  
  44  3:48  Queen  
  50  3:55  Drone  
  50  3:56  Drone x4  
  55  4:03  Overlord  
  55  4:10  Extractor, Roach Warren  
  55  4:11  Drone x2  
  55  4:12  Drone x2  
  55  4:13  Drone  
  58  4:35  Drone  
  58  4:36  Drone x6  
  58  4:38  Extractor x2, Drone x2  
  64  4:39  Drone x2  
  64  4:41  Drone x2  
  69  4:46  Lair  
  69  4:53  Drone  
  69  4:54  Drone x2  
  72  5:20  Roach  
  74  5:22  Overlord  
  74  5:23  Overlord x6  
  73  5:34  Zergling x6  
  68  5:46  Zergling x4  
  68  5:47  Zergling x16  
  54  6:04  Queen, Drone x2  
  54  6:06  Drone x2  
  54  6:10  Roach  
  54  6:11  Roach x4  
  54  6:26  Queen  
  54  6:28  Drone x4  
  54  6:30  Glial Reconstitution  
  51  6:35  Roach  
  51  6:36  Roach  
  44  6:51  Roach  
  44  6:52  Roach x4  
  48  7:02  Queen  
  48  7:04  Evolution Chamber  
  48  7:06  Evolution Chamber  
  48  7:12  Roach x5  
  55  7:31  Drone x7  
  55  7:34  Zerg Missile Weapons Level 1, Zerg Ground Armor Level 1  
  62  7:37  Queen  
  64  7:55  Drone x4  
  64  7:56  Drone x3  
  71  8:03  Queen  
  73  8:19  Roach x6  
  85  8:29  Overseer  
  85  8:39  Extractor, Drone x2  
  85  8:40  Drone x4  
  85  8:41  Extractor  
  89  8:45  Drone x6  
  95  8:48  Zergling x2  
  95  8:49  Zergling x2  
  97  9:05  Roach x6  
  109  9:14  Zergling x12  
  99  9:33  Zergling x12  
  99  9:34  Zergling x4  
  61  9:54  Overlord  
Tags
 
Add a new tag
Caveats
  • Supply blocks, unpowered buildings, or Contaminate may cause inaccurate times.
  • Supply counts are checked every 10 seconds.